 Dungeon Crawl Stone Soup version 0.28.0-1-gb440e238dd (webtiles) character file.

Game seed: 8559190080810496649

70 Woods the Skirmisher (level 4, -4/41 HPs)
             Began as a Hill Orc Fighter on Feb 26, 2022.
             Slain by Grinder (5 damage)
             ... while paralysed by Grinder
             ... on level 3 of the Dungeon.
             The game lasted 00:03:11 (2413 turns).

Woods the Skirmisher (Hill Orc Fighter)             Turns: 2413, Time: 00:03:12

Health: -4/41      AC:  6    Str: 18    XL:     4   Next: 22%
Magic:  4/4        EV:  2    Int:  8    God:
Gold:   128        SH:  0    Dex: 12    Spells: 3/3 levels left

rFire   . . .      SeeInvis .   a - +0 war axe
rCold   . . .      Faith    .   c - +0 buckler
rNeg    . . .      Spirit   .   b - +0 scale mail
rPois   .          Reflect  .   (no helmet)
rElec   .          Harm     .   (no cloak)
rCorr   .          Rampage  .   (no gloves)
Will    .....                   (no boots)
Stlth   ..........              (no amulet)
HPRegen 0.13/turn               (no ring)
MPRegen 0.09/turn               (no ring)

@: paralysed
A: no striking features
a: no special abilities


You were on level 3 of the Dungeon.
You visited 1 branch of the dungeon, and saw 3 of its levels.

You collected 128 gold pieces.

Inventory:

Hand Weapons
 a - a +0 war axe (weapon)
Armour
 b - a +0 scale mail (worn)
 c - a +0 buckler (worn)
Jewellery
 i - a +6 ring of strength
Scrolls
 e - 2 scrolls of teleportation {unknown}
 f - a scroll of noise {unknown}
 h - a scroll of fog {unknown}
 j - a scroll of fear {unknown}
 k - 2 scrolls of identify {unknown}
Potions
 d - a potion of might
 g - a potion of ambrosia {unknown}


   Skills:
 + Level 4.9 Fighting
 + Level 4.4 Axes
 - Level 3.3 Armour
 - Level 3.3 Shields


You had 3 spell levels left.
You didn't know any spells.
Your spell library contained the following spells:

 Spells                   Type           Power      Damage    Failure   Level
 Magic Dart               Conj           0%         1d3       87%         1
 Call Imp                 Summ           0%         N/A       95%         2
 Static Discharge         Conj/Air       0%         N/A       95%         2
 Mephitic Cloud           Conj/Pois/Air  0%         N/A       99%         3
 Dispel Undead            Necr           0%         3d6       100%        4
 Sticky Flame             Conj/Fire      0%         2d3       100%        4


Dungeon Overview and Level Annotations

Branches:
Dungeon (3/15)

Altars:

Shops:
D:3 [

Annotations:
D:3 Grinder


Message History

Grinder blinks!
Grinder drinks a potion.
Grinder is healed!
Grinder gestures at you.
You suddenly lose the ability to move!
Grinder gestures at you.
You shrug off the repeated paralysis!
Grinder hits you.
You writhe in agony.
Grinder blinks!
You can move again.
Grinder blinks!
Grinder blinks!
Grinder misses you.
You slash Grinder!
Grinder is moderately wounded.
Grinder gestures at you. You resist with significant effort.
You closely miss Grinder.
Grinder is moderately wounded.
Grinder gestures at you. Pain shoots through your body!
You slash Grinder!
Grinder is heavily wounded.
Grinder hits you.
* * * LOW HITPOINT WARNING * * *
You writhe in agony.
* * * LOW HITPOINT WARNING * * *
Grinder closely misses you.
You barely miss Grinder.
Grinder is heavily wounded.
Grinder hits you.
* * * LOW HITPOINT WARNING * * *
You writhe in agony.
* * * LOW HITPOINT WARNING * * *
Unknown command.
Grinder gestures at you.
You suddenly lose the ability to move!
Grinder hits you.
* * * LOW HITPOINT WARNING * * *
You writhe in agony.
You die...

#.# #....†. #.# ###...# ###
#####.##### #...# ###
##.#######.....>...####..#
##.####..........###...#........
##...##......###..#####...####.##
#..........#.........##.### #.#
................5#..#...# #...#
#..............#@#8.###.# #...#
##...##.....#..#.#..#...# #...#
#....###.........#..#.#.# #.5.#
#.##.# #..###).###..#.#.# #...#
.....# #.......# #..#.#.# #...#
#.#### #......####.8##### #...#
#.# #.........#.88 #.###
#.........#... #...##
#.....#...######


You could see Grinder.

Vanquished Creatures
  3 adders
  A worm (D:3)
  An orc (D:2)
  2 endoplasms (D:1)
  3 giant cockroaches
  7 goblins
  3 hobgoblins (D:1)
  2 quokkas (D:1)
  5 ball pythons
  4 bats (D:1)
  4 frilled lizards
  3 kobolds (D:1)
  4 rats
42 creatures vanquished.

Vanquished Creatures (others)
  A fungus (D:1)
  4 plants (D:1)
5 creatures vanquished.

Grand Total: 47 creatures vanquished

Notes
Turn   | Place    | Note
-------+----------+-------------------------------------------
     0 | D:1      | Woods the Hill Orc Fighter began the quest for the Orb.
     0 | D:1      | Reached XP level 1. HP: 19/19 MP: 1/1
    89 | D:1      | Reached XP level 2. HP: 27/27 MP: 2/2
   530 | D:1      | Found a faded altar of an unknown god.
   760 | D:1      | Reached XP level 3. HP: 33/33 MP: 3/3
  1893 | D:3      | Found Gipt's Antique Armour Emporium.
  2156 | D:3      | Reached XP level 4. HP: 38/41 MP: 4/4
  2367 | D:3      | Noticed Grinder
  2386 | D:3      | Paralysed by Grinder for 2 turns
  2391 | D:3      | Paralysed by Grinder for 7 turns
  2408 | D:3      | HP: 2/41 [Grinder (1)]
  2411 | D:3      | Paralysed by Grinder for 3 turns
  2413 | D:3      | HP: 1/41 [Grinder (1)]
  2413 | D:3      | Slain by Grinder

Illustrated notes

Levels and vault maps discovered:
D:1:      dpeg_arrival_shrine, layout_basic,
          shapermc_ecumenical_altar_mp_ritualfount, lemuel_flame_loot_1
D:2:      layout_rooms, due_unseen_surprise
D:3:      layout_loops_cross, serial_shops, shop, chequers_decorated_corner,
          uniq_grinder, uniq_robin

Skill      XL: |  1  2  3 |
---------------+----------+-----
Axes           | 3 4 |  4.4
Fighting       | 4 |  4.9
Armour         | |  3.3
Shields        | |  3.3

Action                   |  1- 3 |  4- 6 || total
-------------------------+-------+-------++-------
Melee: War axe           |   129 |    19 ||   148
Armor: Scale mail        |    68 |     3 ||    71
Dodge: Dodged            |    73 |     5 ||    78
Block: Buckler           |    28 |     2 ||    30
